 Dungeon Crawl Stone Soup version 0.19.0-11-g3fc08b3 (webtiles) character file.

238 lorenzova the Sneak (level 5, -13/24 HPs)
             Began as a Spriggan Enchanter on Nov 8, 2016.
             Was an Initiate of Dithmenos.
             Mangled by an orc
             ... wielding a +3 war axe of electrocution
              (16 damage)
             ... on level 4 of the Dungeon.
             The game lasted 00:07:49 (3589 turns).

lorenzova the Sneak (Spriggan Enchanter)            Turns: 3589, Time: 00:07:50

Health: -13/24     AC:  4    Str:  5    XL:     5   Next: 78%
Magic:  4/13       EV: 18    Int: 17    God:    Dithmenos [......]
Gold:   220        SH:  0    Dex: 16    Spells: 3 memorised, 8 levels left

rFire  . . .     SeeInvis +     a - +1 dagger
rCold  . . .     Gourm    .     b - +1 robe
rNeg   . . .     Faith    .     (shield restricted)
rPois  .         Spirit   .     (helmet restricted)
rElec  .         Reflect  .     h - +0 cloak
rCorr  .         Harm     .     (gloves unavailable)
MR     .....                    (boots unavailable)
Stlth  +++.......               (no amulet)
                                (no ring)
                                (no ring)

@: very quick
A: unfitting armour, see invisible, herbivore 3, speed 3, slow metabolism 2
a: Renounce Religion


You were on level 4 of the Dungeon.
You worshipped Dithmenos.
Dithmenos was noncommittal.
You were not hungry.

You visited 2 branches of the dungeon, and saw 5 of its levels.

You collected 220 gold pieces.

Inventory:

Hand Weapons
 a - a +1 dagger (weapon)
Armour
 b - a +1 robe (worn)
 h - a +0 cloak (worn)
Jewellery
 f - an uncursed amulet of the gourmand {unknown}
 j - an uncursed amulet of rage {unknown}
 q - a +2 ring of intelligence {unknown}
Scrolls
 i - 4 scrolls of identify {unknown}
 l - a scroll of enchant armour {unknown}
 n - 3 scrolls of teleportation {unknown}
 p - a scroll of random uselessness {unknown}
 r - 2 scrolls of fog {unknown}
 s - a scroll of noise {unknown}
 u - a scroll of amnesia {unknown}
Potions
 e - a potion of ambrosia {unknown}
 g - a potion of heal wounds {unknown}
 k - 2 potions of cure mutation {unknown}
 m - a potion of flight {unknown}
 o - a potion of magic {unknown}
 t - a potion of curing {unknown}
Books
 c - a book of Maledictions

   Spells                             Type                      Level
   a - Corona                         Hexes                        1
   b - Ensorcelled Hibernation        Hexes/Ice                    2
   c - Confuse                        Hexes                        3
   d - Tukima's Dance                 Hexes                        3
   e - Dazzling Spray                 Conjuration/Hexes            3
Comestibles
 d - 3 bread rations


   Skills:
 - Level 1.1 Short Blades
 - Level 3.0 Dodging
 + Level 6.5 Stealth
 + Level 5.1 Spellcasting
 + Level 5.3 Hexes


You had 8 spell levels left.
You knew the following spells:

 Your Spells              Type           Power        Failure   Level  Hunger
a - Corona                Hex            ###....      1%          1    None
b - Ensorcelled Hibernat  Hex/Ice        ##....       10%         2    #......
c - Confuse               Hex            ###.....     6%          3    ###....


Dungeon Overview and Level Annotations

Branches:
Dungeon (4/15)             Temple (1/1) D:4

Altars:
Ashenzari
Dithmenos
Elyvilon
Fedhas
Gozag
Hepliaklqana
Kikubaaqudgha
Nemelex Xobeh
Qazlal
Trog
Yredelemnul
Zin
The Shining One

Portals:
Ossuary: D:4


Innate Abilities, Weirdness & Mutations

You are very small and have problems with some larger weapons.
You are too small for most types of armour.
You have supernaturally acute eyesight. (SInv)
You are a herbivore.
You cover ground extremely quickly.
You need consume almost no food.


Message History

Beogh smites you!
Casting: Confuse
Confirm with . or Enter, or press ? or * to list all spells.
Aiming: Confuse
Press: ? - help, Shift-Dir - straight line, f/p - orc priest
Aim: an orc priest, wielding a mace of protection (chance to defeat MR: 51%)
The orc priest appears confused.
The phantom barely misses you.
Casting: Confuse
Confirm with . or Enter, or press ? or * to list all spells.
Aiming: Confuse
Press: ? - help, Shift-Dir - straight line, f - orc, p - orc priest
Aim: an orc, wielding a war axe of electrocution (chance to defeat MR: 69%)
The orc appears confused.
The phantom hits you!
* * * LOW HITPOINT WARNING * * *
The orc hits the orc priest with a war axe of electrocution!
The orc hits you with a war axe of electrocution.
* * * LOW HITPOINT WARNING * * *
You are electrocuted!
Ouch! That really hurt!
You die...

.......# ....##.###
....##...## ....####..###
.)#.# ##..<# #.#.# ###.#
#..?. ####.########
####...#........o>.#
...#......@oW#
####$............# ##...
.......>.....## ...###
#.#)>.....#..## !....#
#.#......###[.## ..!..#
#.#.....##∩##..####
.....###..?#[.##.^.##....#
.....##..#...##...^.##...#
.....#..##..#####M#####†.#


You could see a phantom, an orc priest (confused) and an orc (confused).

Vanquished Creatures
  A crimson imp (D:4)
  An orc wizard (D:4)
  Ijyb (D:2)
  Natasha (D:2)
  2 adders (D:3)
  An adder skeleton (D:4)
  A worm (D:2)
  4 dart slugs
  A leopard gecko (D:1)
  A giant cockroach (D:1)
  9 goblins
  23 hobgoblins
  15 jackals
  7 kobolds
  2 quokkas
  6 bats
  7 frilled lizards
  4 rats
87 creatures vanquished.

Notes
Turn   | Place    | Note
-------+----------+-------------------------------------------
     0 | D:1      | lorenzova the Spriggan Enchanter began the quest for the Orb.
     0 | D:1      | Reached XP level 1. HP: 9/9 MP: 5/5
    88 | D:1      | Reached XP level 2. HP: 8/13 MP: 4/6
   107 | D:1      | Learned a level 2 spell: Ensorcelled Hibernation
   406 | D:1      | Reached skill level 5 in Stealth
   635 | D:2      | Reached XP level 3. HP: 16/16 MP: 8/8
   640 | D:2      | Learned a level 3 spell: Confuse
   960 | D:2      | Noticed Ijyb
   971 | D:2      | Killed Ijyb
   971 | D:2      | Reached XP level 4. HP: 18/21 MP: 0/10
  1226 | D:2      | Noticed Natasha
  1233 | D:2      | Killed Natasha
  1615 | D:2      | Reached skill level 6 in Stealth
  2459 | D:3      | Reached XP level 5. HP: 24/24 MP: 9/12
  2551 | D:3      | Reached skill level 5 in Hexes
  3056 | D:4      | Noticed an ogre
  3350 | D:4      | Found a staircase to the Ecumenical Temple.
  3350 | D:4      | Noticed a phantom
  3361 | Temple   | Entered the Ecumenical Temple
  3394 | Temple   | Became a worshipper of Dithmenos the Shadowed
  3449 | D:4      | Reached skill level 5 in Spellcasting
  3473 | D:4      | Found a sand-covered staircase.
  3589 | D:4      | Mangled by an orc

Skill      XL: |  1  2  3  4  5 |
---------------+----------------+-----
Hexes          | 4 5 |  5.3
Spellcasting   | 3 4 5 |  5.1
Stealth        | 5 6 |  6.5
Short Blades   | |  1.1
Dodging        | |  3.0

Action                   |  1- 3 |  4- 6 || total
-------------------------+-------+-------++-------
Melee: Dagger            |   138 |   201 ||   339
 Cast: Corona            |     3 |       ||     3
       Ensorcelled Hiber |    12 |    48 ||    60
       Confuse           |       |     7 ||     7
 Stab: Sleeping          |    18 |    30 ||    48
  Eat: Bread ration      |       |     1 ||     1
Armor: Robe              |    13 |    21 ||    34
Dodge: Dodged            |   122 |   209 ||   331
